BLB
CAROLINA TOBS @ MAINE GUIDES
08/06/2059
 
TOP OF THE 1ST
Carolina Tobs batting - Pitching for Maine Guides : RHP Dave Hunt
Pitching: RHP Dave Hunt
Batting: LHB Spencer DeSimone 0-0: Ball
1-0: Fly out, F7 (Flyball, 78S, EV 91.9 MPH)
Batting: SHB Sean Benjamin 0-0: Called Strike
0-1: Foul Ball, location: 2F
0-2: Foul Ball, location: 2F
0-2: Strikes out swinging
Batting: LHB Trent West 0-0: Called Strike
0-1: Called Strike
0-2: Strikes out swinging
Top of the 1st over - 0 runs, 0 hits, 0 errors, 0 left on base; Carolina 0 - Maine 0
BOTTOM OF THE 1ST
Maine Guides batting - Pitching for Carolina Tobs : RHP Drew Daniels
Pitching: RHP Drew Daniels
Batting: RHB Walt Dutro 0-0: Fly out, F8 (Flyball, 8RXD, EV 103.8 MPH)
Batting: RHB Sean Brown 0-0: SINGLE (Groundball, 4MD, EV 100.6 MPH)
Batting: RHB Nathan Bennett 0-0: Called Strike
0-1: Ball
1-1: Ball
Wild Pitch!
Sean Brown to second
2-1: Foul Ball, location: 2F
2-2: Ball
3-2: Strikes out swinging
Batting: RHB Brad Pendolino 0-0: SINGLE (Groundball, P, EV 80.6 MPH) (infield hit)
Sean Brown to third
Batting: SHB Desmond Moynihan 0-0: Fly out, F7 (Flyball, 7LS, EV 86.9 MPH)
Bottom of the 1st over - 0 runs, 2 hits, 0 errors, 2 left on base; Carolina 0 - Maine 0
TOP OF THE 2ND
Carolina Tobs batting - Pitching for Maine Guides : RHP Dave Hunt
Batting: LHB Evan Turner 0-0: Foul Ball, location: 2F
0-1: Ball
1-1: Ball
2-1: Fly out, F8 (Flyball, 89M, EV 86.9 MPH)
Batting: LHB Clay Newhouse 0-0: Ball
1-0: Swinging Strike
1-1: Ball
2-1: Swinging Strike
2-2: Ball
3-2: Strikes out swinging
Batting: RHB Marcus Fahr 0-0: Foul Ball, location: 2F
0-1: Swinging Strike
0-2: Ball
1-2: Foul Ball, location: 2F
1-2: Ball
2-2: Strikes out looking
Top of the 2nd over - 0 runs, 0 hits, 0 errors, 0 left on base; Carolina 0 - Maine 0
BOTTOM OF THE 2ND
Maine Guides batting - Pitching for Carolina Tobs : RHP Drew Daniels
Batting: RHB Chase Hagarty 0-0: Called Strike
0-1: Called Strike
0-2: Ground out 6-3 (Groundball, 56, EV 91.9 MPH)
Batting: LHB Damian Counts 0-0: Foul Ball, location: 2F
0-1: Foul Ball, location: 2F
0-2: Foul Ball, location: 2F
0-2: SINGLE (Line Drive, 89S, EV 103.1 MPH)
Batting: RHB Jaret Foley 0-0: Swinging Strike
0-1: Ball
1-1: Called Strike
Damian Counts steals 2nd base
1-2: Ball
2-2: SINGLE (Line Drive, 8RS, EV 93.8 MPH)
Damian Counts to third
Runner from 3rd tries for Home, SAFE, throw by CF to home
Batting: RHB Benjamin Keating 0-0: Called Strike
Jaret Foley steals 2nd base
0-1: Called Strike
Jaret Foley steals 3rd base (no throw)
0-2: Foul Ball, location: 2F
0-2: Strikes out swinging, 2-3 out at first.
Batting: RHB Walt Dutro 0-0: Called Strike
0-1: SINGLE (Line Drive, 9S, EV 105.6 MPH)
Jaret Foley scores
Batting: RHB Sean Brown 0-0: Foul Ball, location: 2F
0-1: Foul Ball, location: 2F
0-2: Foul Ball, location: 2F
0-2: Strikes out swinging
Bottom of the 2nd over - 2 runs, 3 hits, 0 errors, 1 left on base; Carolina 0 - Maine 2
TOP OF THE 3RD
Carolina Tobs batting - Pitching for Maine Guides : RHP Dave Hunt
Batting: RHB Johnathan Shillito 0-0: Ball
1-0: Ground out 6-3 (Groundball, 6, EV 103.8 MPH)
Batting: LHB L.G. Clia 0-0: Ball
1-0: Ball
2-0: Swinging Strike
2-1: Foul Ball, location: 2F
2-2: SINGLE (Groundball, 4D, EV 101.2 MPH)
Batting: RHB Casey Suggs 0-0: Ball
1-0: Fly out, F7 (Flyball, 7LSF, EV 75.0 MPH)
Batting: LHB Spencer DeSimone 0-0: Called Strike
0-1: Foul Ball, location: 2F
0-2: Ball
1-2: Foul Ball, location: 2F
1-2: Ball
2-2: TRIPLE (Line Drive, 8RXD, EV 98.8 MPH)
L.G. Clia scores
Batting: SHB Sean Benjamin 0-0: Ball
1-0: SINGLE (Groundball, 34D, EV 101.9 MPH)
Spencer DeSimone scores
Batting: LHB Trent West 0-0: Foul Ball, location: 2F
0-1: Ball
1-1: Ball
2-1: Foul Ball, location: 2F
2-2: Ball
3-2: Base on Balls
Sean Benjamin to second
Batting: LHB Evan Turner 0-0: Ball
1-0: Called Strike
1-1: Ball
Wild Pitch!
Sean Benjamin to third
Trent West to second
2-1: Ball
3-1: Ground out 4-3 (Groundball, 4, EV 85.6 MPH)
Top of the 3rd over - 2 runs, 3 hits, 0 errors, 2 left on base; Carolina 2 - Maine 2
BOTTOM OF THE 3RD
Maine Guides batting - Pitching for Carolina Tobs : RHP Drew Daniels
Batting: RHB Nathan Bennett 0-0: Ball
1-0: Foul Ball, location: 2F
1-1: Foul Ball, location: 2F
1-2: Fly out, F8 (Flyball, 89D, EV 105.0 MPH)
Batting: RHB Brad Pendolino 0-0: Ball
1-0: Foul Ball, location: 2F
1-1: Foul Ball, location: 2F
1-2: Foul Ball, location: 2F
1-2: Fly out, F8 (Flyball, 8RM, EV 92.5 MPH)
Batting: SHB Desmond Moynihan 0-0: Ball
1-0: Ball
2-0: Foul Ball, location: 2F
2-1: Foul Ball, location: 2F
2-2: Ball
3-2: Fly out, F8 (Line Drive, 8LD, EV 110.0 MPH)
Bottom of the 3rd over - 0 runs, 0 hits, 0 errors, 0 left on base; Carolina 2 - Maine 2
TOP OF THE 4TH
Carolina Tobs batting - Pitching for Maine Guides : RHP Dave Hunt
Batting: LHB Clay Newhouse 0-0: Called Strike
0-1: Foul Ball, location: 2F
0-2: Strikes out swinging
Batting: RHB Marcus Fahr 0-0: Ball
1-0: Ball
2-0: SINGLE (Groundball, 6, EV 96.9 MPH)
Batting: RHB Johnathan Shillito 0-0: Grounds into double play, 6-4-3 (Groundball, 6, EV 84.4 MPH)
Top of the 4th over - 0 runs, 1 hit, 0 errors, 0 left on base; Carolina 2 - Maine 2
BOTTOM OF THE 4TH
Maine Guides batting - Pitching for Carolina Tobs : RHP Drew Daniels
Batting: RHB Chase Hagarty 0-0: Ball
1-0: Swinging Strike
1-1: Foul Ball, location: 2F
1-2: Strikes out looking
Batting: LHB Damian Counts 0-0: Ball
1-0: Called Strike
1-1: Ball
2-1: Foul Ball, location: 2F
2-2: Foul Ball, location: 2F
2-2: Ball
3-2: Foul Ball, location: 2F
3-2: Fly out, F9 (Line Drive, 89M, EV 90.0 MPH)
Batting: RHB Jaret Foley 0-0: Called Strike
0-1: Foul Ball, location: 2F
0-2: Ball
1-2: TRIPLE (Line Drive, 89XD, EV 100.0 MPH)
Batting: RHB Benjamin Keating 0-0: Ball
1-0: Fly out, F8 (Flyball, 8LM, EV 88.8 MPH)
Bottom of the 4th over - 0 runs, 1 hit, 0 errors, 1 left on base; Carolina 2 - Maine 2
TOP OF THE 5TH
Carolina Tobs batting - Pitching for Maine Guides : RHP Dave Hunt
Batting: LHB L.G. Clia 0-0: Ball
1-0: Swinging Strike
1-1: Ball
2-1: Ball
3-1: Swinging Strike
3-2: Strikes out swinging, 2-3 out at first.
Batting: RHB Casey Suggs 0-0: Ball
1-0: Foul Ball, location: 2F
1-1: Ball
2-1: Called Strike
2-2: Strikes out looking
Pitching: RHP Ellery Skaleski
Batting: LHB Spencer DeSimone 0-0: Ball
1-0: Foul Ball, location: 2F
1-1: Called Strike
1-2: Foul Ball, location: 2F
1-2: Fly out, F9 (Flyball, 9, EV 90.6 MPH)
Top of the 5th over - 0 runs, 0 hits, 0 errors, 0 left on base; Carolina 2 - Maine 2
BOTTOM OF THE 5TH
Maine Guides batting - Pitching for Carolina Tobs : RHP Drew Daniels
Batting: RHB Walt Dutro 0-0: Fly out, F9 (Flyball, 89S, EV 80.0 MPH)
Batting: RHB Sean Brown 0-0: Called Strike
0-1: Fly out, F9 (Line Drive, 89M, EV 93.8 MPH)
Batting: RHB Nathan Bennett 0-0: Swinging Strike
0-1: Fly out, F8 (Flyball, 78D, EV 87.5 MPH)
Bottom of the 5th over - 0 runs, 0 hits, 0 errors, 0 left on base; Carolina 2 - Maine 2
TOP OF THE 6TH
Carolina Tobs batting - Pitching for Maine Guides : RHP Ellery Skaleski
Batting: SHB Sean Benjamin 0-0: SINGLE (Groundball, 5D, EV 104.4 MPH)
Batting: LHB Trent West 0-0: Ball
Sean Benjamin steals 2nd base
1-0: Called Strike
1-1: SINGLE (Flyball, 6D, EV 91.9 MPH)
Sean Benjamin to third
Batting: LHB Evan Turner 0-0: Ball
1-0: Grounds into double play, 4-6-3 (Groundball, 4, EV 81.2 MPH)
Sean Benjamin scores
Batting: LHB Clay Newhouse 0-0: Foul Ball, location: 2F
0-1: Foul Ball, location: 2F
0-2: Ball
1-2: SINGLE (Line Drive, 6MD, EV 98.1 MPH)
Batting: RHB Marcus Fahr 0-0: Fly out, F9 (Line Drive, 9S, EV 87.5 MPH)
Top of the 6th over - 1 run, 3 hits, 0 errors, 1 left on base; Carolina 3 - Maine 2
BOTTOM OF THE 6TH
Maine Guides batting - Pitching for Carolina Tobs : RHP Drew Daniels
Batting: RHB Brad Pendolino 0-0: Ball
1-0: SINGLE (Groundball, 4MD, EV 105.6 MPH)
Batting: SHB Desmond Moynihan 0-0: Called Strike
Brad Pendolino steals 2nd, throwing error, E2
Brad Pendolino to third
0-1: Ball
1-1: DOUBLE (Line Drive, 9LD, EV 101.9 MPH)
Brad Pendolino scores
Batting: RHB Chase Hagarty 0-0: Called Strike
0-1: Fly out, F8 (Line Drive, 8RM, EV 98.1 MPH)
Batting: LHB Damian Counts 0-0: Ball
Desmond Moynihan steals 3rd base
1-0: DOUBLE (Groundball, 3L, EV 103.8 MPH)
Desmond Moynihan scores
Batting: RHB Jaret Foley 0-0: Ball
1-0: TRIPLE (Flyball, 89XD, EV 113.1 MPH)
Damian Counts scores
Pitching: RHP Dale Charlesworth
Batting: RHB Benjamin Keating 0-0: Swinging Strike
Balk!
Jaret Foley scores
0-1: Swinging Strike
0-2: Foul Ball, location: 2F
0-2: Ball
1-2: Ball
2-2: Strikes out looking
Batting: RHB Walt Dutro 0-0: Ball
1-0: Called Strike
1-1: Ground out 5-3 (Groundball, 56, EV 103.8 MPH)
Bottom of the 6th over - 4 runs, 4 hits, 1 error, 0 left on base; Carolina 3 - Maine 6
TOP OF THE 7TH
Carolina Tobs batting - Pitching for Maine Guides : RHP Ellery Skaleski
Batting: RHB Johnathan Shillito 0-0: Called Strike
0-1: Ball
1-1: Foul Ball, location: 2F
1-2: Strikes out swinging
Batting: LHB L.G. Clia 0-0: Ball
1-0: Ball
2-0: Ground out 4-3 (Groundball, 4, EV 87.5 MPH)
Batting: RHB Casey Suggs 0-0: Called Strike
0-1: Ball
1-1: Ball
2-1: Ball
3-1: Foul Ball, location: 2F
3-2: Ground out 4-3 (Groundball, 4, EV 87.5 MPH)
Top of the 7th over - 0 runs, 0 hits, 0 errors, 0 left on base; Carolina 3 - Maine 6
BOTTOM OF THE 7TH
Maine Guides batting - Pitching for Carolina Tobs : RHP Dale Charlesworth
Batting: RHB Sean Brown 0-0: Ball
1-0: Called Strike
1-1: SINGLE (Line Drive, 8RS, EV 91.9 MPH)
Batting: RHB Nathan Bennett 0-0: Ball
1-0: Ball
2-0: Called Strike
2-1: Foul Ball, location: 2F
2-2: Foul Ball, location: 2F
2-2: Strikes out swinging
Batting: RHB Brad Pendolino 0-0: Ball
1-0: Ball
2-0: Called Strike
2-1: Called Strike
2-2: Ball
3-2: Foul Ball, location: 2F
3-2: Strikes out swinging
Batting: SHB Desmond Moynihan 0-0: Called Strike
0-1: Ball
1-1: Fielders Choice at 2nd, 6-4 (Groundball, 6, EV 78.1 MPH)
Bottom of the 7th over - 0 runs, 1 hit, 0 errors, 1 left on base; Carolina 3 - Maine 6
TOP OF THE 8TH
Carolina Tobs batting - Pitching for Maine Guides : RHP Ellery Skaleski
Batting: LHB Spencer DeSimone 0-0: Ball
1-0: Called Strike
1-1: Swinging Strike
1-2: Ball
2-2: Ground out U3 (Groundball, 3S, EV 76.9 MPH)
Batting: SHB Sean Benjamin 0-0: Called Strike
0-1: Foul Ball, location: 2F
0-2: Ball
1-2: Strikes out swinging
Batting: LHB Trent West 0-0: Called Strike
0-1: Ball
1-1: Called Strike
1-2: Ball
2-2: Ball
3-2: Fly out, F8 (Flyball, 89M, EV 88.1 MPH)
Top of the 8th over - 0 runs, 0 hits, 0 errors, 0 left on base; Carolina 3 - Maine 6
BOTTOM OF THE 8TH
Maine Guides batting - Pitching for Carolina Tobs : RHP Dale Charlesworth
Batting: RHB Chase Hagarty 0-0: Ball
1-0: Ground out 6-3 (Groundball, 6, EV 91.2 MPH)
Batting: LHB Damian Counts 0-0: Fly out, F5 (Popup, 5, EV 71.2 MPH)
Batting: RHB Jaret Foley 0-0: Ball
1-0: Hit by Pitch
Batting: RHB Benjamin Keating 0-0: Ball
Jaret Foley is caught stealing 2nd base 2-4
Bottom of the 8th over - 0 runs, 0 hits, 0 errors, 0 left on base; Carolina 3 - Maine 6
TOP OF THE 9TH
Carolina Tobs batting - Pitching for Maine Guides : RHP Ellery Skaleski
Pitching: RHP Parker Terry
Batting: LHB Evan Turner 0-0: Foul Ball, location: 2F
0-1: Ball
1-1: Ground out 4-3 (Groundball, 4, EV 92.5 MPH)
Batting: LHB Clay Newhouse 0-0: Called Strike
0-1: SINGLE (Line Drive, 6D, EV 95.0 MPH)
Batting: RHB Marcus Fahr 0-0: Grounds into double play, 6-4-3 (Groundball, 6, EV 104.4 MPH)
Top of the 9th over - 0 runs, 1 hit, 0 errors, 0 left on base; Carolina 3 - Maine 6
Thursday, March 21st , 2024 - OOTP Baseball 23.10 Build 110